 Dungeon Crawl Stone Soup version bcrawl-1.21.3-2-g9d8a61a446 (webtiles) character file.

Game seed: 567022993941443162

107 funkygono the Digger (level 5, -3/37 HPs)
             Began as a Formicid Earth Elementalist on Apr 16, 2020.
             Killed by nerve-wracking pain
             ... invoked by an orc priest
              (5 damage)
             ... on level 3 of the Dungeon.
             The game lasted 00:07:07 (3037 turns).

funkygono the Digger (Formicid Earth Elementalist)  Turns: 3037, Time: 00:07:07

Health: -3/37      AC:  6    Str: 16    XL:     5   Next: 11%
Magic:  4/9        EV: 11    Int: 16    God:
Gold:   37         SH:  0    Dex: 11    Spells: 4/10 levels left

rFire    + . .     SeeInvis +   f - +0 club
rCold    + . .     Gourm    .   (no shield)
rNeg     . . .     Faith    .   l - +0 ring mail
rPois    +         Spirit   .   (helmet unavailable)
rElec    +         Reflect  .   (no cloak)
rCorr    +         Harm     .   h - +0 pair of gloves
MR       .....                  (no boots)
Stlth    +++.......             (no amulet)
HPRegen  0.12/turn              a - +4 ring of strength
MPRegen  0.11/turn              m - ring of stealth

@: resistant
A: permanent stasis, dig shafts and tunnels, four strong arms, antennae 3
a: Dig, Shaft Self


You were on level 3 of the Dungeon.
You were not hungry.

You visited 1 branch of the dungeon, and saw 3 of its levels.

You collected 37 gold pieces.

Inventory:

Hand Weapons
 f - a +0 club (weapon)
Missiles
 b - 155 stones (quivered)
Armour
 c - a +0 robe
 h - a +0 pair of gloves (worn)
 l - a +0 ring mail (worn)
Jewellery
 a - a +4 ring of strength (left hand)
 j - an uncursed ring of ice
 m - a ring of stealth (right hand)
Potions
 i - a potion of cancellation
Comestibles
 e - 4 rations {!d}
 n - 9 chunks of flesh


   Skills:
 + Level 1.0 Fighting
 + Level 0.1 Maces & Flails
 + Level 2.0 Dodging
 + Level 3.1 Stealth
 + Level 3.3 Spellcasting
 + Level 1.1 Transmutations
 + Level 5.1 Earth Magic


You had 4 spell levels left.
You knew the following spells:

 Your Spells              Type           Power        Failure   Level  Hunger
a - Sandblast             Erth           ###...       4%          1    None
b - Passwall              Tmut/Erth      ##......     14%         2    ##.....
c - Stone Arrow           Conj/Erth      ##....       36%         3    ###....

Your spell library contained the following spells:

 Spells                   Type           Power        Failure   Level  Hunger
 Petrify                  Tmut/Erth      ##......     67%         4    ####...
 Lee's Rapid Deconstruct  Erth           ###.......   75%         5    ######.


Dungeon Overview and Level Annotations

Branches:
Dungeon (3/12)

Altars:
Beogh


Innate Abilities, Weirdness & Mutations

You cannot be hasted, slowed, berserked, paralysed or teleported.
You can dig through walls and to a lower floor.
Your four strong arms can wield two-handed weapons with a shield.
You have a pair of large antennae on your head. (SInv)


Message History

The orc priest hits you with a +1 short sword of protection.
You barely miss the orc priest.
The orc priest is almost dead.
The orc priest calls upon Beogh to heal the orc priest.
The orc priest is healed somewhat.
The orc priest invokes the aid of Beogh against you.
Beogh smites you!
* * * LOW HITPOINT WARNING * * *
You feel protected. The orc hits you with a +0 dagger.
* * * LOW HITPOINT WARNING * * *
The orc priest hits you with a +1 short sword of protection.
* * * LOW HITPOINT WARNING * * *
As you read the scroll labeled XEUXOE CADAUQ, it crumbles to dust.
Your stasis prevents you from teleporting.
It was a scroll of blinking.
The orc hits you with a +0 dagger.
* * * LOW HITPOINT WARNING * * *
The orc priest mumbles some strange prayers to Beogh against you.
Pain shoots through your body!
You die...

....................#.#
....#.........##.##.#.# .#
....#.#÷#.#.#....##.#.###.#
....#......................
....#.#.#.#.#...)..........
....#.#....................
................o..........
.÷..............oo.>.......
#.###.#####.#..#@##........
#.###.###........##+##.....
........#.#.#...##... #.##.
..###.#.. ..#..# .8)8. ..
..# #.##. #.. #.$$o$# ##
..# .# .. #.. #$8o8o# ..#
.. ##$_$## ..# .#. #####
#####.


You could see 2 orc priests and an orc.

Vanquished Creatures
  3 gnolls (D:2)
  An adder (D:3)
  A worm (D:2)
  A dart slug (D:1)
  A leopard gecko (D:2)
  An orc (D:3)
  7 bats
  4 giant cockroaches
  3 goblins
  10 hobgoblins
  4 jackals (D:2)
  2 quokkas
  A ball python (D:2)
  2 frilled lizards
  10 kobolds
  5 rats
56 creatures vanquished.

Notes
Turn   | Place    | Note
-------+----------+-------------------------------------------
     0 | D:1      | funkygono the Formicid Earth Elementalist began the quest
                  | for the Orb.
     0 | D:1      | Reached XP level 1. HP: 13/13 MP: 3/3
   256 | D:1      | Reached skill level 4 in Earth Magic
   256 | D:1      | Reached XP level 2. HP: 19/19 MP: 3/5
   267 | D:1      | Learned a level 2 spell: Passwall
   724 | D:1      | Reached XP level 3. HP: 24/24 MP: 3/6
  1514 | D:2      | Learned a level 3 spell: Stone Arrow
  1563 | D:2      | Reached XP level 4. HP: 17/31 MP: 1/8
  1955 | D:2      | Reached skill level 1 in Fighting
  2787 | D:3      | Reached skill level 5 in Earth Magic
  2787 | D:3      | Reached XP level 5. HP: 37/37 MP: 0/9
  3021 | D:3      | Found a roughly hewn altar of Beogh.
  3037 | D:3      | Killed from afar by an orc priest

Skill      XL: |  1  2  3  4 |
---------------+-------------+-----
Earth Magic    | 4 5 |  5.1
Stealth        | 3 |  3.1
Spellcasting   | 3 |  3.3
Dodging        | 2 |  2.0
Fighting       | 1 |  1.0
Maces & Flails | |  0.1
Transmutations | |  1.1

Action                   |  1- 3 |  4- 6 || total
-------------------------+-------+-------++-------
Melee: Club              |    34 |     2 ||    36
 Cast: Sandblast         |    42 |    33 ||    75
       Stone Arrow       |     1 |     9 ||    10
       Passwall          |       |     1 ||     1
  Use: Scroll            |     2 |     4 ||     6
       Potion            |       |     1 ||     1
  Eat: Chunk             |     3 |     5 ||     8
Armor: Robe              |     9 |     2 ||    11
       Ring mail         |       |     6 ||     6
Dodge: Dodged            |    33 |     9 ||    42
